 Dungeon Crawl Stone Soup version 0.20.1-1-g8b1a95d (webtiles) character file.

443 Peloso the Slasher (level 6, 0/49 HPs)
             Began as a Demonspawn Fighter on Oct 15, 2017.
             Killed from afar by an orc wizard (3 damage)
             ... with a magic dart
             ... on level 4 of the Dungeon.
             The game lasted 00:06:00 (2517 turns).

Peloso the Slasher (Demonspawn Fighter)             Turns: 2517, Time: 00:06:00

Health: 0/49       AC: 12    Str: 19    XL:     6   Next: 71%
Magic:  6/6        EV: 10    Int: 14    God:
Gold:   185        SH:  9    Dex: 12    Spells: 5/5 levels left

rFire    + . .     SeeInvis .   a - +0 long sword
rCold    . . .     Gourm    .   c - +0 shield
rNeg     . . .     Faith    .   b - +0 scale mail
rPois    .         Spirit   .   (helmet restricted)
rElec    .         Reflect  .   q - +2 cloak
rCorr    .         Harm     .   g - +0 pair of gloves
MR       .....                  (no boots)
Stlth    ..........             o - amulet of magic regeneration
Regen    0.2/turn               l - ring of flight
MPRegen  0.2/turn               u - +3 ring of evasion

@: brilliant, slowed, very slow
A: antennae 1, rugged brown scales 1, fire resistance 1
a: Evoke Flight


You were on level 4 of the Dungeon.
You were hungry.

You visited 1 branch of the dungeon, and saw 4 of its levels.

You collected 185 gold pieces.

Inventory:

Hand Weapons
 a - a +0 long sword (weapon)
 v - a +4 broad axe
Armour
 b - a +0 scale mail (worn)
 c - a +0 shield (worn)
 g - a +0 pair of gloves (worn)
 q - a +2 cloak (worn)
Jewellery
 l - a ring of flight (left hand)
 o - an amulet of magic regeneration (around neck)
 u - a +3 ring of evasion (right hand)
Scrolls
 e - a scroll of amnesia {unknown}
 i - a scroll of immolation {unknown}
 m - 3 scrolls of identify {unknown}
 n - a scroll of fog {unknown}
 y - a scroll of magic mapping {unknown}
Potions
 d - a potion of heal wounds {unknown}
 j - a potion of degeneration {unknown}
 k - a potion of brilliance
 p - a potion of haste {unknown}
 r - a potion of ambrosia {unknown}
 t - a potion of berserk rage {unknown}
 x - a potion of curing {unknown}
Comestibles
 f - 3 bread rations
 h - a royal jelly
 s - 3 meat rations


   Skills:
 + Level 4.0 Fighting
 + Level 4.4 Long Blades
 + Level 0.5 Axes
 + Level 3.8 Armour
 + Level 1.2 Dodging
 + Level 0.4 Stealth
 + Level 3.6 Shields


You had 5 spell levels left.
You didn't know any spells.

Dungeon Overview and Level Annotations

Branches:
Dungeon (4/15)
 Temple: D:4-7

Altars:
Ru


Innate Abilities, Weirdness & Mutations

You have a pair of small antennae on your head.
You are partially covered in rugged brown scales. (AC +1, +3% HP)
Your flesh is heat resistant. (rF+)


Message History

* * * LOW HITPOINT WARNING * * *
The hound bites you but does no damage.
The orc wizard mumbles some strange words.
The orc wizard blinks!
The hound barely misses you.
You riposte.
Your shield prevents you from hitting the hound.
The hound is almost dead.
The hound barely misses you. The hound bites you but does no damage.
You see here a worker ant corpse.
It was a potion of brilliance.
You feel clever all of a sudden. The orc wizard barely misses you.
You riposte.
You miss the orc wizard.
The orc wizard is severely wounded.
The hound misses you. The orc wizard closely misses you.
You riposte.
You miss the orc wizard.
The orc wizard is severely wounded.
The hound bites you but does no damage. The orc wizard casts a spell at you.
The magic dart hits you!
You die...

##############
#....$.....!.#
#.#....#####.#
#######.#.##.# #.#
..........##.#####.###
######.####..........
#(# ##.####....
######.# .# ###.#
#o{h@..# .# #.#
#o###o..# .# #.# #)#
#...# #.# #[# #...#
#.. #oo...<... ##.
.o......... .
##..........# .
#.###...#### #o# !...


You could see a hound, an orc priest, an orc wizard and an orc.

Vanquished Creatures
  Sigmund (D:4)
  The ghost of Peloso the Skirmisher, an amateur DsFi (D:3)
  A crimson imp (D:3)
  An orc priest (D:4)
  Natasha (D:2)
  A worker ant (D:4)
  3 adders
  3 oozes
  A worm (D:2)
  A dart slug (D:1)
  A leopard gecko (D:1)
  6 orcs
  2 giant cockroaches
  5 goblins
  5 hobgoblins
  2 quokkas (D:3)
  7 bats
  7 frilled lizards
  3 kobolds
  7 rats
  A plant (D:2)
60 creatures vanquished.

Notes
Turn   | Place    | Note
-------+----------+-------------------------------------------
     0 | D:1      | Peloso the Demonspawn Fighter began the quest for the Orb.
     0 | D:1      | Reached XP level 1. HP: 18/18 MP: 1/1
    63 | D:1      | Gained mutation: Your flesh is heat resistant. (rF+) [demonic ancestry]
    63 | D:1      | Reached XP level 2. HP: 11/24 MP: 2/2
   549 | D:2      | Reached XP level 3. HP: 27/29 MP: 3/3
   887 | D:2      | Found a sacrificial altar of Ru.
   943 | D:2      | Noticed Natasha
   958 | D:2      | Killed Natasha
   958 | D:2      | Gained mutation: You have a pair of small antennae on your head. [demonic ancestry]
   958 | D:2      | Reached XP level 4. HP: 9/35 MP: 4/4
  1692 | D:3      | Noticed Peloso's ghost (amateur DsFi)
  1700 | D:3      | Killed Peloso's ghost
  1700 | D:3      | Reached XP level 5. HP: 39/41 MP: 5/5
  2062 | D:3      | Reached skill level 1 in Dodging
  2318 | D:4      | Noticed Sigmund
  2422 | D:4      | Killed Sigmund
  2422 | D:4      | Gained mutation: You are partially covered in rugged brown scales. (AC +1, +3% HP) [demonic ancestry]
  2422 | D:4      | Reached XP level 6. HP: 29/49 MP: 6/6
  2517 | D:4      | Killed from afar by an orc wizard

Skill      XL: |  1  2  3  4  5  6 |
---------------+-------------------+-----
Long Blades    | 2 3 4 |  4.4
Armour         | 3 |  3.8
Shields        | 3 |  3.6
Dodging        | 1 |  1.2
Fighting       | 4 |  4.0
Axes           | |  0.5
Stealth        | |  0.4

Action                   |  1- 3 |  4- 6 || total
-------------------------+-------+-------++-------
Melee: Long sword        |   102 |   179 ||   281
       Broad axe         |       |     3 ||     3
  Use: Potion            |       |     2 ||     2
  Eat: Chunk             |       |     5 ||     5
Armor: Scale mail        |    48 |    70 ||   118
Dodge: Dodged            |    23 |    61 ||    84
Block: Shield            |    38 |    79 ||   117
       Rpst.: Long sword |     7 |    16 ||    23
